 Dungeon Crawl Stone Soup version 0.27-a0-1502-g47ed6a6988 (webtiles) character file.

Game seed: 2378768343772992218

1 tilp the Caller (level 1, 0/13 (14) HPs)
             Began as a Barachi Summoner on July 9, 2021.
             Slain by a quokka (1 damage)
             ... on level 1 of the Dungeon.
             The game lasted 00:00:48 (73 turns).

tilp the Caller (Barachi Summoner)                    Turns: 73, Time: 00:00:49

HP:   0/13 (14)     AC:  2    Str:  9    XL:     1   Next: 20%
MP:   1/3           EV: 12    Int: 15    God:
Gold: 0             SH:  0    Dex: 12    Spells: 3/4 levels left

rFire    . . .     SeeInvis .   (no weapon)
rCold    . . .     Faith    .   (no shield)
rNeg     . . .     Spirit   .   a - +0 robe
rPois    .         Reflect  .   (no helmet)
rElec    .         Harm     .   (no cloak)
rCorr    .         Rampage  .   (no gloves)
Will     .....                  (no boots)
Stlth    ++........             (no amulet)
HPRegen  0.04/turn              (no ring)
MPRegen  0.08/turn              (no ring)

@: unable to hop, drained, slow
A: amphibious, slowness 1, strong legs 1, +LOS
a: Hop


You were on level 1 of the Dungeon.
You visited 1 branch of the dungeon, and saw 1 of its levels.

Inventory:

Missiles
 c - 8 atropa-tipped darts
Armour
 a - a +0 robe (worn)
Scrolls
 b - a scroll of magic mapping {unknown}


   Skills:
 + Level 0.5 Fighting
 - Level 2.1 Dodging
 - Level 1.7 Stealth
 - Level 2.1 Spellcasting
 - Level 4.8 Summonings


You had 3 spell levels left.
You knew the following spells:

 Your Spells              Type           Power      Damage    Failure   Level
a - Summon Small Mammal   Summ           64%        N/A       3%          1

Your spell library contained the following spells:

 Spells                   Type           Power      Damage    Failure   Level
 Call Imp                 Summ           16%        N/A       4%          2
 Call Canine Familiar     Summ           16%        N/A       9%          3
 Summon Guardian Golem    Hex/Summ       8%         N/A       24%         3
 Summon Lightning Spire   Summ/Air       8%         N/A       63%         4


Dungeon Overview and Level Annotations

Branches:
Dungeon (1/15)

Altars:


Innate Abilities, Weirdness & Mutations

You are amphibious.
You cover ground slowly.
You can hop short distances.
You have an extended range of vision and can be seen from far away.


Message History

Unknown command.
You hit the kobold but do no damage. The quokka closely misses you.
Your rat closely misses the kobold.
The kobold closely misses you.
Your bat hits the kobold. The quokka barely misses you.
Unknown command.
You completely miss the kobold.
The kobold is moderately wounded.
Your rat disappears in a puff of smoke!
Your bat barely misses the kobold.
The kobold barely misses you. The quokka barely misses you.
Unknown command.
You closely miss the kobold.
The kobold is moderately wounded.
The kobold barely misses you. The quokka bites you.
* * * LOW HITPOINT WARNING * * *
Your bat hits the kobold but does no damage.
Unknown command.
Hop to where?
Press: ? - help, Dir - move target Boing!
Your bat hits the kobold but does no damage.
You aren't carrying any items that you can evoke.
Unknown command.
You aren't carrying any potions.
Your bat barely misses the kobold.
Your bat hits the kobold.
Your bat hits the kobold but does no damage.
The kobold hits your bat with a +1 dagger of draining.
The kobold drains your bat.
Your bat dies!
Your bat's corpse disappears in a puff of smoke!
The kobold shouts!
The kobold closely misses you. The quokka bites you.
* * * LOW HITPOINT WARNING * * *
The quokka closely misses you.
You barely miss the quokka.
The quokka is severely wounded.
The quokka bites you.
You die...

##..# #...#
##...## #.....##
##.....∩#
#∩.....##
#∩.....##
####∩......#
#.#@#.....∩#
######.##rK....##
#∩.÷.....#.....#
#∩..##.#.......##
#..##.∩∩#.÷....#
#..÷....#.....##
##.............##
#..............∩#
#∩...÷.........∩#


You could see a quokka and a kobold.

Vanquished Creatures (collateral kills)
  A giant cockroach (D:1)
  A goblin (D:1)
2 creatures vanquished.

Notes
Turn   | Place    | Note
-------+----------+-------------------------------------------
     0 | D:1      | tilp the Barachi Summoner began the quest for the Orb.
     0 | D:1      | Reached XP level 1. HP: 13/13 MP: 3/3
    73 | D:1      | Slain by a quokka

Illustrated notes

Levels and vault maps discovered:
D:1:      amcnicky_arrival_abandoned_market, layout_loops_ring

Action                   || total
-------------------------++-------
Melee: Unarmed           ||     8
 Cast: Summon Small Mamm ||     5
 Abil: Hop               ||     1
Dodge: Dodged            ||    11

Table legend: (Time is in decaauts)
 A = Elapsed time spent in this place.
 B = Non-inter-level travel time spent in this place.
 C = Inter-level travel time spent in this place.
 D = Time resting spent in this place.
 E = Time spent auto-exploring this place.
 F = Levels seen in this place.
 G = Mean time per level.
                   A        B        C        D        E       F      G
               +--------+--------+--------+--------+--------+-----+--------+
         Total |     81 |     81 |      0 |      0 |     36 |   1 |   81.0 |
       Dungeon |     81 |     81 |      0 |      0 |     36 |   1 |   81.0 |
               +--------+--------+--------+--------+--------+-----+--------+

Top non-repeatable levels by time:
     D:1: 81 daAuts
